Map: Magannatha LE

Players

LigerMaNN - Winner!

  • Race: Zerg Zerg
  • League: Diamond
  • Spawn Location: 11:00

Rebok

  • Race: Zerg Zerg
  • League: Gold
  • Spawn Location: 5:00

VOD

Have the link to the VOD?

Description

Time

  • Played on: June 3, 2025, 10:46 p.m.
  • Length: 9:40
Show
View Real Time Build Order
Export as new Build Order

LigerMaNN Zerg - Winner!

Build Orders: Pool First 

Get SALT Encoding   

  12  0:18  Spawning Pool  
  11  0:21  Drone  
  11  0:26  Drone  
  13  0:30  Drone  
  14  0:40  Overlord  
  14  1:06  Zergling x6  
  17  1:16  Zergling x2  
  18  1:19  Hatchery  
  17  1:27  Zergling x2  
  18  1:34  Queen  
  20  1:42  Overlord  
  20  1:54  Drone  
  18  2:32  Drone  
  18  2:33  Drone x3  
  18  2:35  Queen  
  24  2:38  Queen  
  26  2:53  Drone x3  
  26  2:57  Extractor  
  28  3:02  Extractor  
  28  3:03  Drone  
  28  3:04  Drone  
  29  3:07  Overlord x2  
  29  3:23  Drone x3  
  32  3:40  Drone x6  
  38  3:49  Evolution Chamber  
  38  3:51  Evolution Chamber  
  38  3:54  Roach Warren  
  35  3:57  Drone x2  
  35  3:58  Drone  
  36  4:19  Drone x7  
  43  4:24  Lair  
  43  4:28  Zerg Missile Weapons Level 1  
  43  4:37  Drone x3  
  43  4:38  Drone, Extractor  
  46  4:39  Drone  
  46  4:41  Drone  
  48  4:58  Spine Crawler  
  47  5:06  Roach x2  
  51  5:09  Overlord x5  
  51  5:29  Roach x6  
  51  5:31  Glial Reconstitution  
  63  5:35  Zerg Ground Armor Level 1  
  63  5:45  Overseer  
  63  5:51  Hatchery  
  63  5:55  Roach x5  
  72  5:59  Overlord  
  72  6:16  Roach x6  
  72  6:17  Roach  
  86  6:23  Roach  
  88  6:25  Overlord  
  86  6:50  Roach x6  
  98  7:06  Roach  
  98  7:07  Roach x2  
  104  7:20  Overlord x4  
  104  7:37  Queen  
  106  7:47  Roach x7  
  106  7:48  Roach x7  
  134  8:03  Roach  
  134  8:05  Overlord x3  
  136  8:14  Overlord x2  
  122  8:40  Roach x7  
  100  8:52  Drone x3  
  100  8:53  Drone x8  
  107  9:07  Extractor  
  107  9:08  Drone x3  
  107  9:09  Drone x2, Extractor  
Show
View Real Time Build Order
Export as new Build Order

Rebok Zerg 

Build Orders: Hatch First 

Get SALT Encoding   

  12  0:00  Drone  
  13  0:13  Overlord  
  13  0:18  Drone  
  14  0:32  Drone x2  
  16  0:45  Hatchery  
  16  0:49  Drone  
  16  0:52  Drone  
  17  1:07  Spawning Pool  
  17  1:09  Drone  
  17  1:13  Drone  
  18  1:18  Drone  
  19  1:29  Overlord  
  19  1:40  Drone  
  20  1:53  Queen  
  22  1:55  Zergling x2  
  22  1:58  Zergling x2  
  23  2:02  Queen  
  23  2:04  Zergling x2  
  26  2:08  Zergling x2  
  26  2:12  Drone  
  27  2:26  Drone  
  27  2:29  Drone  
  28  2:30  Drone  
  28  2:36  Queen  
  33  2:47  Drone x2  
  35  2:52  Extractor  
  35  2:53  Extractor  
  35  2:55  Overlord  
  33  3:03  Overlord  
  33  3:04  Drone x2  
  35  3:11  Drone  
  35  3:12  Drone  
  35  3:24  Drone x5  
  35  3:25  Drone  
  41  3:38  Drone  
  41  3:39  Drone  
  43  3:46  Drone x4  
  43  3:48  Lair  
  47  3:55  Overlord x2  
  47  4:00  Evolution Chamber  
  46  4:06  Evolution Chamber  
  46  4:08  Roach Warren  
  45  4:22  Roach Warren  
  44  4:26  Zerg Missile Weapons Level 1  
  44  4:27  Drone  
  44  4:28  Drone x5, Extractor  
  44  4:29  Drone  
  50  4:51  Overlord x2  
  50  4:52  Overlord x3  
  50  5:06  Glial Reconstitution  
  50  5:07  Roach x3  
  50  5:08  Roach x2  
  50  5:12  Overlord x2  
  50  5:13  Overlord  
  60  5:18  Drone  
  60  5:19  Roach x2  
  65  5:26  Roach x2  
  69  5:41  Roach x5  
  79  5:44  Roach x3  
  85  5:52  Roach  
  85  5:56  Roach x2  
  91  6:07  Roach  
  91  6:08  Roach  
  95  6:15  Roach x6  
  107  6:27  Hatchery  
  107  6:28  Roach x2  
  110  6:36  Overlord x2  
  110  6:44  Drone x4  
  110  6:46  Metabolic Boost  
  114  6:52  Extractor  
  114  6:53  Drone x3  
  116  7:04  Overseer  
  116  7:10  Zerg Missile Weapons Level 2, Hydralisk Den  
  115  7:22  Drone x3  
  118  7:23  Drone x8  
  126  7:40  Hydralisk x6  
  136  7:52  Muscular Augments  
  136  8:03  Hatchery  
  136  8:04  Extractor  
  134  8:05  Drone, Extractor  
  134  8:06  Drone x10  
  144  8:21  Roach  
  146  8:33  Roach x4  
  91  8:49  Roach  
  91  8:52  Roach x4  
  91  8:53  Roach x8  
  105  9:08  Roach  
  105  9:09  Roach x3  
Tags
 
Matchup
ZvZ
Race
Zerg
Replay Pack
June 2025
Spawn Locations
Cross Positions
Add a new tag
Caveats
  • Supply blocks, unpowered buildings, or Contaminate may cause inaccurate times.
  • Supply counts are checked every 10 seconds.